 Dungeon Crawl Stone Soup version 0.31-a0-204-g7da18cac08 (webtiles) character file.

Game seed: 13717610159152074727

1420 SwinebobAirpants the Thaumaturge (level 9, 0/55 HPs)
             Began as a Djinni Conjurer on June 27, 2023.
             Killed from afar by a white imp (16 damage)
             ... with a puff of frost
             ... on level 6 of the Dungeon.
             The game lasted 00:11:32 (4239 turns).

SwinebobAirpants the Thaumaturge (Djinni Conjurer)  Turns: 4239, Time: 00:11:33

Health: 0/55       AC:  5    Str:  6    XL:     9   Next: 2%
Gold:   338        EV: 12    Int: 24    God:
                   SH:  0    Dex: 12

rFire   + + .        e - +0 dagger (venom)
rCold   x . .        (no shield)
rNeg    + . .        C - +1 robe
rPois   ∞            (no helmet)
rElec   .            k - +0 cloak
rCorr   +            v - +0 pair of gloves
SInv    .            (boots unavailable)
Will    .....        (no amulet)
Stlth   ++           b - ring of resist corrosion
HPRegen 0.29/turn    j - ring of positive energy
MPRegen 0.00/turn

%: infuse magic (-1 HP)
@: flying
A: sickness immunity, fire resistance 2, cold vulnerability 1, float, innate
caster, HP casting, extra vitality 1
a: no special abilities


You were on level 6 of the Dungeon.
You visited 1 branch of the dungeon, and saw 6 of its levels.

You collected 338 gold pieces.

Inventory:

Hand Weapons
 c - a +0 hand axe
 e - a +0 dagger of venom (weapon)
 y - a +0 whip of pain
Missiles
 o - a throwing net
 B - 4 poisoned darts
Armour
 k - a +0 cloak (worn)
 v - a +0 pair of gloves (worn)
 C - a +1 robe (worn)
Jewellery
 b - a ring of resist corrosion (left hand)
 j - a ring of positive energy (right hand)
 m - a ring of fire
Scrolls
 d - 3 scrolls of fog {unknown}
 h - 5 scrolls of teleportation {unknown}
 i - 3 scrolls of identify {unknown}
 l - 2 scrolls of amnesia {unknown}
 r - a scroll of poison {unknown}
 w - 2 scrolls of enchant weapon {unknown}
 A - a scroll of butterflies {unknown}
Potions
 f - a potion of invisibility {unknown}
 g - a potion of haste {unknown}
 n - a potion of heal wounds {unknown}
 p - a potion of curing
 q - a potion of attraction {unknown}
 s - a potion of degeneration {unknown}
 t - 2 potions of lignification {unknown}
 u - 2 potions of mutation {unknown}
 x - a potion of cancellation
 z - 3 potions of enlightenment {unknown}


   Skills:
 - Level 2.1 Dodging
 - Level 1.5 Stealth
 + Level 8.6 Spellcasting
 + Level 8.6 Conjurations
 + Level 8.6 Hexes
 + Level 8.6 Summonings
 + Level 8.6 Necromancy
 + Level 8.6 Translocations
 + Level 8.6 Transmutations
 + Level 8.6 Fire Magic
 + Level 8.6 Ice Magic
 + Level 8.6 Air Magic
 + Level 8.6 Earth Magic
 + Level 8.6 Poison Magic


You knew the following spells:

 Your Spells              Type           Power      Damage    Failure   Level
a - Hailstorm             Conj/Ice       51%        3d11      1%          3
d - Gell's Gravitas       Tloc           51%        N/A       1%          3
h - Fulminant Prism       Conj/Hex       25%        3d14      1%          4
j - Iskenderun's Mystic   Conj/Tloc      51%        2d11      1%          4
k - Searing Ray           Conj           100%       2d8       1%          2
l - Magic Dart            Conj           100%       1d8       1%          1
K - Call Imp              Summ           100%       N/A       1%          2
L - Freeze                Ice            100%       1d10      1%          1
Z - Dazzling Flash        Conj/Hex       100%       N/A       1%          3
Your spell library was empty.

Dungeon Overview and Level Annotations

Branches:
Dungeon (6/15)
 Temple: D:4-7

Altars:

Annotations:
D:4 Eustachio


Innate Abilities, Weirdness & Mutations

You are immune to sickness and miasma.
You are immune to poison.
Your flesh is very heat resistant. (rF++)
You are vulnerable to cold. (rC-)
You float through the air rather than walking.
You learn spells naturally, not from books.
Your magical power is your life essence.
You have superior vitality. (+4 MHP)


Message History

Aim: a bullfrog (almost dead, 77% to hit)
The searing ray misses the bullfrog. (Press . to maintain the ray.)
The bullfrog completely misses you. The bullfrog hits you.
The searing ray hits the bullfrog!
You kill the bullfrog!
You have reached level 9!
Your experience leads to an increase in your attributes!
Increase (S)trength, (I)ntelligence, or (D)exterity?
You feel clever. x2
The power to cast Gell's Gravitas wells up from within.
Spell assigned to 'b'.
You see here a bullfrog corpse.
Adjust (i)tems, (s)pells, or (a)bilities?
Adjust which spell? b - Gell's Gravitas Adjust to which letter? d - Gell's Gravitas
Found 3 gold pieces.
Found an escape hatch in the floor.
A white imp comes into view.
The white imp shouts, "Accept thy fall, thou errant moldwarp bloater!"
The white imp gestures at you. The puff of frost hits you!
You feel a terrible chill!
Found a stone staircase leading down.
A scorpion comes into view.
The white imp gestures at you. The puff of frost hits you!
You feel a terrible chill!
You see here 18 gold pieces.
Casting: Searing Ray (safe; 1% risk of failure)
Confirm with . or Enter, or press ? or * to list all spells.
Aiming: Fulminant Prism (dangerous; 1% risk of failure)
Press: ? - help, Dir - move target You conjure a prism of explosive energy!
* * * LOW HITPOINT WARNING * * *
A fulminant prism comes into view.
Your fulminant prism crackles loudly.
The white imp gestures at you. The puff of frost hits you!
You feel a terrible chill!
You die...

#......###.#....
#................
..#......?..$....
#............... .#.....#
##...........#... .#.....#
#................. .......#
... #......$.......
.......##.# ###†#...5..>...
..........#####.@....#......
.........###..†..##.*.......
...........#.##......#.##...
......####.#.#...###(#.# .>
..#.....##......## #.. # #
..#...#..##....## ##..
.......#.#....###### .#.
..#.##.............# .#.#
..#.....###....###...


You could see a white imp (ally target) and a friendly fulminant prism.

Vanquished Creatures
  Sigmund (D:6)
  A water moccasin (D:5)
  3 black bears (D:5)
  An ogre (D:5)
  A bullfrog (D:6)
  A gnoll sergeant (D:5)
  2 scorpions (D:5)
  3 hounds
  A gnoll bouda (D:5)
  3 iguanas
  Ijyb (D:4)
  2 orc wizards (D:6)
  11 gnolls
  5 adders
  2 worms (D:2)
  3 dart slugs
  11 orcs
  8 endoplasms
  5 giant cockroaches
  11 goblins
  7 hobgoblins
  8 jackals
  7 kobolds
  5 quokkas
  3 ball pythons
  6 bats
  4 frilled lizards
  4 rats
120 creatures vanquished.

Vanquished Creatures (others)
  11 fulminant prisms
11 creatures vanquished.

Grand Total: 131 creatures vanquished

Notes
Turn   | Place    | Note
-------+----------+-------------------------------------------
     0 | D:1      | SwinebobAirpants the Djinni Conjurer began the quest for
                  | the Orb.
     0 | D:1      | SwinebobAirpants set off with the following spells
                  | memorised: Magic Dart, Searing Ray, Dazzling Flash,
                  | Fulminant Prism, Iskenderun's Mystic Blast.
     0 | D:1      | Reached XP level 1. HP: 15/15 MP: 0/0
    65 | D:1      | Reached XP level 2. HP: 11/21 MP: 0/0
   189 | D:1      | Reached XP level 3. HP: 16/25 MP: 0/0
   189 | D:1      | Learned a level 1 spell: Freeze
   648 | D:2      | Reached XP level 4. HP: 28/31 MP: 0/0
   867 | D:2      | Reached XP level 5. HP: 23/35 MP: 0/0
   867 | D:2      | Learned a level 2 spell: Call Imp
  1721 | D:3      | Reached skill level 5 in Spellcasting
  1721 | D:3      | Reached skill level 5 in Conjurations
  1721 | D:3      | Reached skill level 5 in Hexes
  1721 | D:3      | Reached skill level 5 in Summonings
  1721 | D:3      | Reached skill level 5 in Necromancy
  1721 | D:3      | Reached skill level 5 in Translocations
  1721 | D:3      | Reached skill level 5 in Transmutations
  1721 | D:3      | Reached skill level 5 in Fire Magic
  1721 | D:3      | Reached skill level 5 in Ice Magic
  1721 | D:3      | Reached skill level 5 in Air Magic
  1721 | D:3      | Reached skill level 5 in Earth Magic
  1721 | D:3      | Reached skill level 5 in Poison Magic
  2230 | D:4      | Noticed Ijyb
  2627 | D:4      | Reached XP level 6. HP: 38/40 MP: 0/0
  2654 | D:4      | Killed Ijyb
  2719 | D:4      | Noticed Eustachio
  2815 | D:5      | Entered Level 5 of the Dungeon
  2872 | D:5      | Noticed a water moccasin
  2890 | D:5      | Killed a water moccasin
  2891 | D:5      | Reached XP level 7. HP: 5/45 MP: 0/0
  2891 | D:5      | Learned a level 3 spell: Hailstorm
  3258 | D:5      | Reached XP level 8. HP: 35/50 MP: 0/0
  3868 | D:6      | Noticed Sigmund
  3955 | D:6      | Killed Sigmund
  4228 | D:6      | Reached XP level 9. HP: 41/55 MP: 0/0
  4228 | D:6      | Learned a level 3 spell: Gell's Gravitas
  4239 | D:6      | Killed from afar by a white imp

Illustrated notes

Levels and vault maps discovered:
D:1:      lordsloth_arrival_two_stooges, layout_rooms
D:2:      layout_basic
D:3:      layout_loops_ring, minmay_quantized
D:4:      layout_rooms, serial_curves, eino_curves_03, eino_curves_01,
          eino_curves_04, uniq_ijyb, uniq_eustachio
D:5:      layout_loops_cross, kennysheep_donut, minmay_misc_feat_cross,
          serial_bayou_pond_b
D:6:      gammafunk_cloud_chamber, layout_rooms, kennysheep_flooded_box,
          uniq_sigmund

Skill      XL: |  1  2  3  4  5  6  7  8 |
---------------+-------------------------+-----
Spellcasting   | 4 5 6 7 8 |  8.6
Conjurations   | 4 5 6 7 8 |  8.6
Hexes          | 4 5 6 7 8 |  8.6
Summonings     | 4 5 6 7 8 |  8.6
Necromancy     | 4 5 6 7 8 |  8.6
Translocations | 4 5 6 7 8 |  8.6
Transmutations | 4 5 6 7 8 |  8.6
Fire Magic     | 4 5 6 7 8 |  8.6
Ice Magic      | 4 5 6 7 8 |  8.6
Air Magic      | 4 5 6 7 8 |  8.6
Earth Magic    | 4 5 6 7 8 |  8.6
Poison Magic   | 4 5 6 7 8 |  8.6
Dodging        | |  2.1
Stealth        | |  1.5

Action                     |  1- 3 |  4- 6 |  7- 9 || total
---------------------------+-------+-------+-------++-------
   Cast: Magic Dart        |    47 |    69 |    14 ||   130
         Searing Ray       |     7 |    22 |    18 ||    47
         Fulminant Prism   |       |     4 |     8 ||    12
         Iskenderun's Myst |       |       |     7 ||     7
         Hailstorm         |       |       |     5 ||     5
  Evoke: Wand              |       |       |     1 ||     1
    Use: Potion            |     1 |     1 |     1 ||     3
 Armour: Robe              |     2 |     5 |     2 ||     9
  Dodge: Dodged            |     3 |    19 |    12 ||    34

Table legend: (Time is in decaauts)
 A = Elapsed time spent in this place.
 B = Non-inter-level travel time spent in this place.
 C = Inter-level travel time spent in this place.
 D = Time resting spent in this place.
 E = Time spent auto-exploring this place.
 F = Levels seen in this place.
 G = Mean time per level.
                   A        B        C        D        E       F      G
               +--------+--------+--------+--------+--------+-----+--------+
         Total |   4237 |   4037 |    200 |    759 |   2399 |   6 |  706.2 |
       Dungeon |   4237 |   4037 |    200 |    759 |   2399 |   6 |  706.2 |
               +--------+--------+--------+--------+--------+-----+--------+

Top non-repeatable levels by time:
     D:5: 1266 daAuts
     D:2: 1007 daAuts
     D:3: 656 daAuts
     D:1: 582 daAuts
     D:4: 568 daAuts
     D:6: 157 daAuts
